 Dungeon Crawl Stone Soup version 0.28-a0-1184-g53156a8862 (webtiles) character file.

Game seed: 8231407078935620455

2132 ytrimaz the Insei (level 9, 0/59 HPs)
             Began as an Octopode Transmuter on Dec 17, 2021.
             Was an Initiate of Ashenzari.
             Succumbed to a water moccasin's poison
             ... on level 6 of the Dungeon.
             The game lasted 00:11:49 (9594 turns).

ytrimaz the Insei (Octopode Transmuter)             Turns: 9594, Time: 00:11:50

Health: 0/59       AC:  2    Str:  9    XL:     9   Next: 30%
Magic:  18/18      EV: 19    Int: 19    God:    Ashenzari [......]
Gold:   79         SH:  0    Dex: 18    Spells: 10/20 levels left

rFire   . . .      SeeInvis .     - Unarmed
rCold   . . .      Faith    .   (shield currently unavailable)
rNeg    + . .      Spirit   .   (helmet currently unavailable)
rPois   .          Reflect  .   (no amulet)
rElec   .          Harm     .   f - ring of Ouranomancy {rN+, Elem, Alch} (curse)
rCorr   .          Rampage  .   k - ring of poison resistance
Will    .....                   (no ring)
Stlth   ++........              (no ring)
HPRegen 0.19/turn               (no ring)
MPRegen 0.16/turn               (no ring)
                                (no ring)
                                (no ring)

@: lethally poisoned (0 -> -10), spider-form (expiring)
A: venomous fangs, almost no armour, (amphibious), 8 rings, tiny, (camouflage
1), (gelatinous body 1), (nimble swimmer 1), (tentacles)
a: End Transformation, Renounce Religion, Shatter the Chains


You were on level 6 of the Dungeon.
You worshipped Ashenzari.
Ashenzari was noncommittal.
You were a venomous arachnid creature.
You visited 2 branches of the dungeon, and saw 7 of its levels.
You also visited: Sewer.

You collected 319 gold pieces.
You spent 240 gold pieces at shops.

Inventory:

Jewellery
 f - the cursed ring of Ouranomancy (left front leg) {rN+, Elem, Alch}
   (You found it on level 1 of the Dungeon)

   [ring of positive energy]

   rN:        It protects you from negative energy.
   It has a curse which improves the following skills: Elements: Fire Magic, Ice
   Magic, Air Magic and Earth Magic.
   Alchemy:   Poison Magic and Transmutations.
 k - a ring of poison resistance (right front leg)
Wands
 m - a wand of flame (16)
Scrolls
 b - a scroll of magic mapping
 g - a scroll of amnesia
 h - a scroll of blinking
Potions
 a - 2 potions of resistance
 c - a potion of cancellation
 d - 2 potions of magic
 e - a potion of flight
 i - a potion of attraction
 j - a potion of might


   Skills:
 * Level 4.3 Fighting
 - Level 2.2 Dodging
 + Level 6.6 Unarmed Combat
 * Level 6.0 Spellcasting
 * Level 6.3(6.9) Transmutations
 - Level 3.6(4.1) Poison Magic


You had 10 spell levels left.
You knew the following spells:

 Your Spells              Type           Power      Damage    Failure   Level
a - Beastly Appendage     Tmut           64%        N/A       4%          1
b - Wereblood             Tmut           32%        N/A       5%          2
c - Spider Form           Tmut/Pois      26%        N/A       12%         3
d - Ice Form              Ice/Tmut       19%        N/A       47%         4

Your spell library contained the following spells:

 Spells                   Type           Power      Damage    Failure   Level
 Blink                    Tloc           10%        N/A       36%         2
 Lesser Beckoning         Tloc           5%         N/A       54%         3
 Manifold Assault         Tloc           5%         N/A       99%         5


Dungeon Overview and Level Annotations

Branches:
Dungeon (6/15)             Temple (1/1) D:4           Sewer (visited)

Altars:
Ashenzari
Cheibriados
Dithmenos
Elyvilon
Fedhas
Gozag
Hepliaklqana
Kikubaaqudgha
Makhleb
Nemelex Xobeh
Okawaru
Qazlal
Ru
Sif Muna
Trog
Vehumet
Wu Jian
Xom
Yredelemnul
Zin
The Shining One

Shops:
D:2 =   D:5 *


Innate Abilities, Weirdness & Mutations

You are a venomous arachnid creature.
You have poisonous fangs.
You are tiny and dextrous.
Your spellcasting is less reliable in this form.
Your armour is entirely melded.
You are incapable of wielding weapons or throwing items.
You cannot wear most types of armour.
((You are amphibious.))
You can wear up to eight rings at the same time.
((Your skin changes colour to match your surroundings (Stealth+).))
((Your rubbery body absorbs attacks. (AC +1, EV +1)))
((You are camouflaged near water. (Stealth+)))
((You have tentacles for arms and can constrict up to eight enemies at once.))


Message History

You hit the water moccasin.
The water moccasin is lightly wounded.
You hiss as the wereblood boils in your veins!
The gnoll completely misses you. The water moccasin barely misses you.
You bite the water moccasin!
The water moccasin is heavily wounded.
The gnoll misses you. The water moccasin misses you.
You hit the water moccasin.
The water moccasin is severely wounded.
Your primal bloodlust is almost over.
The water moccasin misses you.
The gnoll hits you from afar with a +0 halberd!
You hit the water moccasin.
The water moccasin is severely wounded.
Your transformation is almost over.
The water moccasin bites you.
The gnoll hits you from afar with a +0 halberd!
* * * LOW HITPOINT WARNING * * *
The water moccasin misses you.
You see here a +0 flail.
Unknown command.
The water moccasin bites you.
* * * LOW HITPOINT WARNING * * *
Unknown command.
Okay, then.
Okay, then.
You bite the water moccasin!
The water moccasin is almost dead.
You hiss as the wereblood boils in your veins!
The water moccasin barely misses you.
Unknown command.
Your primal bloodlust has ended.
The water moccasin bites you.
* * * LOW HITPOINT WARNING * * *
You are lethally poisoned!
The water moccasin poisons you!
Okay, then.
You hit the water moccasin but do no damage.
The water moccasin is almost dead.
You die...

##...........##
##...........##
#..........[## #
##.##.....####
##########.#########
...........##
#.....####..##
.....###..#..##############
....##..........sSg........
..##......#########g######.
.#........# #)#.###
#.........# ##g#O..#
#.........##### ##..#..o##
#.............#'#...#yZZ.#
#.........##........#'So.#
#.........###........#
##........# #.........#


You could see a water moccasin and 2 gnolls.

Vanquished Creatures
  A yak (D:5)
  A black bear (D:5)
  2 ice beasts
  2 necrophages (D:6)
  4 ogres
  6 scorpions
  A water moccasin zombie (D:6)
  A water moccasin skeleton (D:4)
  A killer bee (D:6)
  A centaur zombie (D:5)
  2 hounds
  A centaur skeleton (D:5)
  3 orc priests
  3 jellies
  A bullfrog skeleton (D:5)
  An iguana (D:5)
  5 orc wizards
  A hound skeleton (D:4)
  A hound zombie (D:5)
  6 adders
  A gnoll (D:6)
  3 ufetubi
  3 worms
  4 dart slugs
  14 orcs
  3 bats
  7 endoplasms
  9 giant cockroaches
  6 goblins
  9 hobgoblins
  3 jackals (Sewer)
  12 kobolds
  3 quokkas
  4 ball pythons
  7 frilled lizards
  3 rats
135 creatures vanquished.

Vanquished Creatures (others)
  A demonspawn (D:1)
  An octopode (D:1)
  A vine stalker (D:1)
  An elf (D:1)
  A troll (D:1)
  A vampire (D:1)
  3 spriggans (D:1)
  A naga (D:1)
  A demigod (D:1)
  A dwarf (D:1)
  A tengu (D:1)
  2 mummies (D:1)
  5 plants (Sewer)
  5 tentacles (D:1)
25 creatures vanquished.

Grand Total: 160 creatures vanquished

Notes
Turn   | Place    | Note
-------+----------+-------------------------------------------
     0 | D:1      | ytrimaz the Octopode Transmuter began the quest for the
                  | Orb.
     0 | D:1      | Reached XP level 1. HP: 13/13 MP: 3/3
     2 | D:1      | Noticed a troll
     2 | D:1      | Noticed an octopode
     2 | D:1      | Noticed a demonspawn
     2 | D:1      | Noticed an elf
     2 | D:1      | Noticed a naga
     2 | D:1      | Noticed a dwarf
     2 | D:1      | Noticed a kraken
     2 | D:1      | Noticed a spriggan
     2 | D:1      | Noticed a demigod
     2 | D:1      | Noticed a tengu
     2 | D:1      | Noticed a vampire
     2 | D:1      | Noticed a spriggan
     2 | D:1      | Noticed a spriggan
     2 | D:1      | Noticed a vine stalker
     3 | D:1      | Killed a naga
     3 | D:1      | Killed an octopode
     4 | D:1      | Killed a dwarf
     6 | D:1      | Killed a demonspawn
     6 | D:1      | Killed a spriggan
     7 | D:1      | Killed a troll
     8 | D:1      | Killed an elf
    10 | D:1      | Killed a tengu
    10 | D:1      | Killed a vampire
    11 | D:1      | Killed a spriggan
    12 | D:1      | Killed a demigod
    13 | D:1      | Killed a spriggan
    17 | D:1      | Killed a vine stalker
   306 | D:1      | Reached XP level 2. HP: 15/18 MP: 5/5
  1089 | D:1      | Reached XP level 3. HP: 19/23 MP: 4/6
  1092 | D:1      | Learned a level 2 spell: Wereblood
  1096 | D:1      | Learned a level 3 spell: Spider Form
  1375 | D:1      | Found a faded altar of an unknown god.
  1963 | D:2      | Noticed an ogre
  1977 | D:2      | Killed an ogre
  1978 | D:2      | Reached skill level 1 in Poison Magic
  1978 | D:2      | Reached XP level 4. HP: 29/29 MP: 1/8
  1978 | D:2      | Reached XP level 5. HP: 34/34 MP: 1/9
  2159 | D:2      | Found Coqumnux's Jewellery Shop.
  4062 | D:4      | Reached XP level 6. HP: 29/39 MP: 7/11
  4280 | D:4      | Found a staircase to the Ecumenical Temple.
  4299 | Temple   | Entered the Ecumenical Temple
  4588 | Temple   | Became a worshipper of Ashenzari the Shackled
  5153 | D:5      | Entered Level 5 of the Dungeon
  5175 | D:5      | Found a glowing drain.
  5194 | Sewer    | Entered a sewer
  5489 | Sewer    | Reached XP level 7. HP: 23/45 MP: 12/12
  7223 | D:5      | Reached skill level 5 in Transmutations
  7223 | D:5      | Reached XP level 8. HP: 28/52 MP: 10/15
  7482 | D:5      | Noticed a yak
  7501 | D:5      | Killed a yak
  7502 | D:5      | Reached skill level 5 in Unarmed Combat
  7506 | D:5      | Reached skill level 5 in Spellcasting
  7974 | D:5      | Found Sygep's Assorted Antiques.
  8367 | D:6      | HP: 1/54 [water moccasin zombie (3)]
  8953 | D:6      | Reached XP level 9. HP: 56/58 MP: 14/17
  8958 | D:6      | Learned a level 4 spell: Ice Form
  9232 | D:2      | Bought a ring of poison resistance for 240 gold pieces
  9594 | D:6      | Succumbed to a water moccasin's poison

Illustrated notes

Levels and vault maps discovered:
D:1:      nicolae_arrival_kraken_aquarium_b, layout_basic,
          hellmonk_ecumenical_altar_crossroads, minmay_split_cup_large
D:2:      layout_basic, serial_shops, nicolae_shop_behind_doors
D:3:      layout_loops_cross, nicolae_elevator_lobby_plus
D:4:      layout_basic, minmay_temple_entry_grid
D:5:      minmay_recursive_quarters, layout_rooms, serial_co_window_serial,
          co_window_paths_a, co_window_paths_b, co_window_paths_a,
          co_window_paths_a, co_window_corner_a, co_window_paths_a,
          co_window_paths_a, co_window_corner_b, co_window_unsneaky_path_b,
          co_window_broadway_b, co_window_corner_b, co_window_2corner,
          co_window_paths_d, glass_columns_a, glass_columns_a, glass_columns_c,
          glass_columns_a, serial_shops, shop_statue, portal_sewer_entry_b
D:6:      layout_cave_pods, chequers_serial_rivers_small_3, minmay_pentangle
Temple:   mainiacjoe_temple_hex_bubbles

Skill      XL: |  1  2  3  4  5  6  7  8  9 |
---------------+----------------------------+-----
Spellcasting   | 3 4 5 6 |  6.0
Transmutations | 3 4 5 6 |  6.3
Poison Magic   | 1 2 3 |  3.6
Fighting       | 2 3 4 |  4.3
Unarmed Combat | 4 6 |  6.6
Dodging        | |  2.2

Action                   |  1- 3 |  4- 6 |  7- 9 || total
-------------------------+-------+-------+-------++-------
Melee: Unarmed           |    52 |   148 |   223 ||   423
       Constrict         |    17 |    31 |    12 ||    60
       Tentacles         |     9 |    26 |    16 ||    51
       Kick              |     9 |    26 |    18 ||    53
       Punch             |     1 |     3 |     3 ||     7
 Cast: Beastly Appendage |    17 |    34 |    12 ||    63
       Spider Form       |     1 |     5 |    20 ||    26
       Wereblood         |       |     3 |     2 ||     5
Invok: Curse Item        |       |       |     1 ||     1
  Use: Scroll            |     4 |     9 |     9 ||    22
       Potion            |     1 |       |     1 ||     2
 Stab: Sleeping          |     2 |     4 |     4 ||    10
Armor: Skin              |     5 |     9 |    15 ||    29
Dodge: Dodged            |    31 |    85 |   173 ||   289

Table legend: (Time is in decaauts)
 A = Elapsed time spent in this place.
 B = Non-inter-level travel time spent in this place.
 C = Inter-level travel time spent in this place.
 D = Time resting spent in this place.
 E = Time spent auto-exploring this place.
 F = Levels seen in this place.
 G = Mean time per level.
                   A        B        C        D        E       F      G
               +--------+--------+--------+--------+--------+-----+--------+
         Total |   9547 |   9086 |    461 |    662 |   6978 |   8 | 1193.4 |
       Dungeon |   8424 |   8031 |    393 |    662 |   6119 |   6 | 1404.0 |
        Temple |    329 |    261 |     68 |      0 |    256 |   1 |  329.0 |
         Sewer |    794 |    794 |      0 |      0 |    603 |   1 |  794.0 |
               +--------+--------+--------+--------+--------+-----+--------+

Top non-repeatable levels by time:
     D:5: 2443 daAuts
     D:1: 1715 daAuts
     D:4: 1385 daAuts
     D:6: 1054 daAuts
     D:3: 1014 daAuts
     D:2: 811 daAuts
   Sewer: 794 daAuts
  Temple: 329 daAuts
